Map: Vaani Research Station (Void)

Players

SortOf

  • Race: Zerg Zerg
  • League: Master
  • Spawn Location: 6:00

Scarlett - Winner!

  • Race: Zerg Zerg
  • Spawn Location: 12:00

Event: NationWars IV

VOD

Have the link to the VOD?

Description

Time

  • Played on: Jan. 4, 2017, 2:37 p.m.
  • Length: 17:58
Show
View Real Time Build Order
Export as new Build Order

SortOf Zerg 

Build Orders: Hatch First 

Get SALT Encoding   

  12  0:01  Drone  
  13  0:13  Overlord  
  13  0:18  Drone  
  14  0:31  Drone x2  
  14  0:35  Drone  
  17  0:54  Hatchery  
  17  0:57  Drone  
  17  1:01  Drone  
  18  1:12  Drone  
  18  1:18  Spawning Pool  
  18  1:21  Extractor  
  18  1:23  Drone  
  18  1:31  Drone  
  19  1:41  Overlord  
  19  1:52  Drone  
  20  2:04  Queen  
  20  2:05  Zergling x2  
  20  2:06  Queen  
  20  2:07  Drone  
  26  2:12  Drone  
  27  2:16  Drone  
  28  2:23  Drone  
  28  2:28  Drone  
  30  2:36  Overlord  
  30  2:39  Drone  
  30  2:40  Queen  
  30  2:43  Lair  
  33  2:49  Drone x2  
  35  2:55  Drone  
  36  2:59  Evolution Chamber  
  36  3:03  Roach Warren  
  36  3:05  Drone  
  34  3:06  Drone  
  35  3:13  Drone  
  35  3:16  Drone x2  
  35  3:17  Overlord  
  35  3:19  Drone  
  39  3:28  Drone  
  39  3:29  Spine Crawler  
  39  3:31  Extractor  
  39  3:33  Zerg Missile Weapons Level 1  
  39  3:34  Drone  
  39  3:40  Overlord  
  39  3:41  Drone  
  39  3:43  Glial Reconstitution  
  39  3:46  Roach  
  39  3:47  Drone  
  43  3:50  Drone  
  43  3:51  Drone  
  43  3:52  Drone  
  46  3:56  Drone  
  46  3:58  Roach  
  46  4:02  Roach  
  51  4:07  Drone  
  51  4:09  Roach  
  54  4:10  Extractor  
  54  4:11  Overlord  
  53  4:21  Roach x2  
  57  4:27  Hatchery  
  57  4:29  Roach x2  
  60  4:40  Roach x3  
  60  4:48  Roach x2  
  60  4:50  Evolution Chamber  
  60  4:51  Evolution Chamber  
  62  4:53  Roach  
  62  4:57  Roach  
  62  4:59  Zergling x4  
  62  5:04  Evolution Chamber  
  62  5:05  Evolution Chamber  
  60  5:07  Evolution Chamber  
  59  5:16  Zergling x10  
  59  5:20  Zergling x2  
  60  5:25  Drone x2  
  60  5:27  Roach Warren  
  61  5:30  Drone x2  
  61  5:35  Zerg Missile Weapons Level 2  
  63  5:40  Drone x2  
  65  5:48  Zergling x2  
  50  5:53  Zergling x4  
  48  5:59  Spine Crawler  
  48  6:03  Queen x2  
  52  6:08  Roach  
  52  6:09  Roach x2  
  56  6:14  Roach x2  
  56  6:17  Spore Crawler  
  59  6:21  Roach  
  59  6:24  Roach  
  62  6:32  Roach  
  56  6:40  Queen  
  58  6:50  Drone x3  
  52  6:54  Drone  
  52  6:59  Drone  
  52  7:00  Roach Warren  
  52  7:05  Drone  
  53  7:09  Drone  
  53  7:14  Drone  
  53  7:15  Overseer  
  55  7:21  Drone x3  
  58  7:24  Overlord  
  58  7:34  Overlord  
  58  7:35  Overlord  
  58  7:39  Drone x2  
  58  7:41  Drone  
  58  7:43  Roach  
  63  7:44  Roach  
  65  7:51  Evolution Chamber  
  65  7:52  Baneling Nest  
  65  7:55  Roach  
  65  8:02  Roach  
  65  8:03  Roach x2  
  71  8:07  Roach  
  71  8:08  Roach x5  
  71  8:11  Roach  
  61  8:15  Roach  
  51  8:20  Ravager  
  51  8:21  Ravager x2  
  51  8:25  Roach  
  54  8:31  Roach  
  44  8:34  Roach  
  44  8:36  Roach  
  46  8:44  Queen  
  48  8:52  Evolution Chamber  
  47  8:56  Evolution Chamber  
  47  8:59  Roach  
  48  9:03  Roach  
  48  9:06  Roach  
  52  9:14  Roach  
  52  9:15  Roach  
  56  9:25  Roach x2  
  56  9:29  Roach  
  62  9:36  Roach  
  64  9:39  Roach  
  64  9:43  Roach  
  68  9:49  Roach  
  68  9:51  Drone  
  71  9:55  Drone  
  71  9:57  Drone  
  73  10:06  Drone x3  
  76  10:09  Drone  
  76  10:12  Drone  
  78  10:19  Roach  
  80  10:23  Drone  
  80  10:24  Drone  
  80  10:26  Overseer  
  82  10:30  Ravager  
  83  10:40  Overlord, Drone  
  84  10:53  Overlord x2  
  84  10:58  Baneling Nest, Queen  
  84  11:04  Roach  
  87  11:05  Roach  
  87  11:09  Roach  
  91  11:12  Roach  
  91  11:16  Roach  
  95  11:18  Roach  
  95  11:22  Roach  
  95  11:25  Zergling x2  
  100  11:26  Zergling x2  
  100  11:28  Zergling x2  
  102  11:33  Roach  
  104  11:47  Overlord  
  104  11:51  Baneling x6  
  104  11:52  Overlord  
  104  12:03  Hatchery  
  104  12:06  Roach  
  105  12:11  Roach  
  105  12:15  Roach x4  
  115  12:24  Overlord  
  115  12:40  Roach  
  115  12:41  Ravager  
  115  12:42  Roach  
  115  12:43  Ravager  
  100  12:44  Queen  
  100  12:45  Roach  
  100  12:48  Zergling x2, Roach x2  
  99  12:53  Roach  
  99  13:06  Roach  
  99  13:11  Roach  
  101  13:22  Roach  
  73  13:27  Roach  
  71  13:35  Roach  
  73  13:43  Roach  
  75  13:53  Roach  
  75  13:55  Hatchery  
  76  13:56  Roach  
  77  14:07  Roach  
  63  14:10  Roach x3  
  57  14:18  Drone x3  
  57  14:21  Drone  
  61  14:28  Roach  
  63  14:36  Drone  
  63  14:37  Roach  
  66  14:39  Overseer  
  66  14:40  Drone  
  66  14:44  Zergling x2  
  68  14:50  Zergling x2  
  69  14:56  Roach x2  
  73  15:07  Nydus Network  
  73  15:13  Zergling x4  
  74  15:17  Baneling x4  
  74  15:25  Zergling x2  
  74  15:27  Roach x2  
  79  15:32  Baneling x2  
  79  15:34  Roach  
  81  15:39  Drone x2  
  73  15:48  Nydus Canal  
  73  15:53  Roach  
  73  15:57  Roach  
  77  16:08  Roach x2  
  78  16:16  Roach  
  78  16:18  Roach  
  58  16:31  Roach x2  
  44  16:33  Drone  
  41  16:44  Zergling x4  
  43  17:12  Spire  
  39  17:25  Roach  
  41  17:31  Roach  
  41  17:35  Baneling  
  41  17:36  Baneling  
Show
View Real Time Build Order
Export as new Build Order

Scarlett Zerg - Winner!

Build Orders: Hatch First 

Get SALT Encoding   

  12  0:00  Drone  
  13  0:08  Drone  
  14  0:17  Overlord  
  14  0:22  Extractor  
  14  0:24  Drone  
  15  0:36  Drone x2  
  17  0:46  Drone  
  18  0:57  Hatchery  
  18  1:00  Drone  
  18  1:02  Extractor  
  17  1:15  Spawning Pool  
  16  1:19  Drone  
  16  1:22  Drone  
  18  1:28  Drone  
  19  1:39  Drone  
  20  1:50  Overlord  
  20  2:05  Metabolic Boost, Queen  
  22  2:08  Queen  
  22  2:11  Drone  
  25  2:15  Evolution Chamber  
  25  2:18  Drone  
  25  2:21  Drone  
  26  2:23  Drone  
  26  2:27  Drone  
  28  2:31  Drone  
  28  2:33  Zergling x2  
  30  2:41  Zerg Melee Weapons Level 1  
  30  2:46  Drone  
  31  2:59  Overlord, Hatchery  
  31  3:04  Overlord  
  30  3:07  Zergling x2  
  30  3:08  Zergling x2  
  30  3:10  Zergling x2  
  33  3:16  Zergling x6  
  36  3:28  Zergling x10  
  36  3:33  Zergling x2  
  42  3:37  Queen  
  42  3:39  Zergling x2  
  45  3:42  Zergling x2  
  46  3:49  Zergling x2  
  46  3:50  Zergling x6  
  50  3:56  Zergling x2  
  50  4:00  Zergling x2  
  52  4:11  Overlord x2  
  52  4:12  Zergling x6  
  52  4:14  Overlord  
  55  4:19  Zergling x2  
  56  4:26  Zergling x4  
  56  4:29  Zergling x2  
  56  4:30  Zergling x6  
  61  4:39  Zergling x8  
  63  4:46  Zergling x6  
  62  4:54  Zergling x2  
  62  4:55  Zergling x8  
  62  4:58  Zergling x6  
  68  5:03  Zergling x4  
  67  5:11  Zergling x8  
  57  5:24  Zerg Ground Armor Level 1  
  57  5:26  Zergling x8  
  57  5:33  Zergling x6  
  52  5:43  Zergling x10  
  52  5:47  Zergling x4  
  49  5:55  Zergling x8  
  52  5:59  Baneling Nest  
  52  6:02  Zergling x2  
  53  6:04  Zergling x2  
  53  6:06  Zergling x2  
  53  6:10  Zergling x4  
  54  6:18  Zergling x2  
  54  6:19  Zergling x4  
  54  6:31  Zergling x2  
  54  6:32  Zergling x12  
  52  6:41  Zergling x6  
  50  6:55  Drone  
  50  6:56  Drone x2  
  50  6:59  Zergling x12  
  55  7:02  Zergling x4  
  55  7:06  Zergling x2  
  55  7:07  Zergling x2  
  59  7:10  Zergling x2  
  59  7:11  Zergling x2  
  61  7:18  Zergling x8  
  65  7:23  Baneling x5  
  65  7:24  Baneling x2  
  65  7:27  Baneling x3  
  65  7:28  Baneling  
  65  7:30  Baneling x2  
  65  7:31  Baneling  
  65  7:32  Baneling  
  65  7:33  Baneling x2  
  65  7:37  Baneling x2  
  65  7:42  Zergling x2  
  65  7:43  Zergling x6  
  69  7:49  Zergling x8  
  69  7:51  Unknown  
  73  7:52  Zergling x2  
  68  8:08  Zergling x16  
  58  8:20  Zergling x10  
  58  8:21  Zergling x4  
  63  8:29  Zergling x10  
  61  8:42  Zergling x6  
  61  8:46  Zergling x2  
  65  8:51  Zergling x4  
  67  8:58  Zergling x2  
  68  9:03  Zergling x4  
  68  9:04  Overlord  
  68  9:08  Baneling  
  68  9:09  Baneling x8  
  70  9:12  Overlord  
  70  9:13  Baneling  
  70  9:14  Zergling x2  
  70  9:15  Zergling x4  
  73  9:22  Zergling x2  
  74  9:24  Overlord  
  74  9:25  Zergling x2  
  74  9:26  Zergling x6  
  78  9:34  Zergling x8  
  82  9:43  Overlord  
  82  9:45  Zergling x8  
  83  9:49  Baneling x4  
  86  10:03  Zergling x12  
  86  10:04  Zergling x4  
  94  10:14  Overlord  
  94  10:15  Zergling x2  
  94  10:16  Zergling x8  
  99  10:27  Lair  
  99  10:35  Extractor  
  99  10:36  Drone x2  
  99  10:37  Drone x2  
  99  10:40  Drone x5  
  107  10:44  Overlord  
  107  10:47  Overlord  
  107  10:52  Unknown  
  107  11:05  Extractor, Drone x3  
  107  11:07  Zergling x16  
  117  11:13  Overlord  
  117  11:17  Zergling x4  
  117  11:18  Zergling x4  
  121  11:28  Zerg Melee Weapons Level 2  
  121  11:30  Overlord x2  
  121  11:36  Centrifical Hooks  
  117  11:48  Zergling x12  
  123  11:56  Baneling x7  
  124  12:01  Zergling x8  
  124  12:07  Zergling x6  
  130  12:15  Zergling x8  
  129  12:29  Baneling x8  
  128  12:31  Zergling x10  
  130  12:41  Zergling x6  
  130  12:42  Zergling x4  
  105  12:50  Zergling x6  
  105  12:51  Zergling x4  
  71  13:00  Baneling  
  71  13:01  Baneling x11  
  71  13:05  Zergling x6  
  69  13:10  Zergling x2  
  69  13:11  Zergling x4  
  70  13:14  Zergling x2  
  61  13:31  Zergling x16  
  66  13:41  Zergling x6  
  66  13:42  Zergling x4  
  66  13:47  Zergling x2  
  66  13:48  Zergling x2  
  67  13:54  Zergling x6  
  63  14:06  Zergling x6  
  56  14:26  Hatchery  
  56  14:27  Baneling  
  56  14:28  Baneling x5  
  54  14:40  Zergling x8  
  54  14:45  Baneling x5  
  58  14:46  Baneling  
  58  14:53  Zergling x4  
  58  14:55  Unknown  
  60  15:04  Zergling x10  
  65  15:12  Baneling x5  
  65  15:13  Baneling  
  65  15:16  Zergling x2  
  66  15:41  Spire  
  66  15:42  Zergling x12  
  69  15:43  Zergling x2  
  70  16:01  Zergling x14  
  70  16:02  Unknown, Zergling x2  
  78  16:10  Zergling x8  
  59  16:29  Zergling x20  
  60  16:37  Baneling x3  
  60  16:49  Extractor, Drone x2  
  60  16:50  Extractor, Drone x3  
  60  16:51  Drone  
  64  17:03  Mutalisk x2  
  68  17:10  Mutalisk  
  68  17:14  Zergling x14  
  75  17:28  Baneling x5  
  75  17:31  Zergling x2  
  75  17:32  Zergling x6  
Tags
 
Add a new tag
Caveats
  • Supply blocks, unpowered buildings, or Contaminate may cause inaccurate times.
  • Supply counts are checked every 10 seconds.